 Dungeon Crawl Stone Soup version 0.14.2 (webtiles) character file.

1927 KristoblXynda the Cleaver (level 8, -3/71 HPs)
             Began as a Pale Draconian Gladiator on June 24, 2022.
             Was a Follower of Ashenzari.
             Slain by a gnoll
             ... wielding a +0,+0 flail
              (13 damage)
             ... on Level 6 of the Dungeon.
             The game lasted 00:10:41 (5933 turns).

KristoblXynda the Cleaver (DrGl)                    Turns: 5933, Time: 00:10:41

HP  -3/71        AC  7     Str 22 (23) XL: 8   Next: 86%
MP   8/8         EV 16     Int  7      God: Ashenzari [*.....]
Gold 103         SH  0     Dex 17      Spells:  0 memorised,  7 levels left

rFire  . . .     SeeInvis .     y - +1,+0 battleaxe
rCold  . . .     Clarity  .     (armour unavailable)
rNeg   . . .     Conserve .     (no shield)
rPois  .         rCorr    .     c - +1 hat (curse)
rElec  .         rRot     .     (no cloak)
SustAb . .       Spirit   .     (no gloves)
rMut   .         Warding  .     (no boots)
Saprov . . .     Stasis   .     (no amulet)
MR     .....                    (no ring)
                                v - +4 ring of dexterity

@: mighty, not resistant to hostile enchantments, unstealthy
A: breathe steam, unfitting armour, hooves 1, dopey 1, screaming 1, AC +6
a: Breathe Steam, Renounce Religion


You were on level 6 of the Dungeon.
You worshipped Ashenzari.
Ashenzari was aware of your devotion.
You were not hungry.

You visited 2 branches of the dungeon, and saw 7 of its levels.
You also visited: Sewer.

You collected 263 gold pieces.
You spent 160 gold pieces at shops.

Inventory:

Hand weapons
 y - a +1,+0 battleaxe (weapon)
Missiles
 d - 3 throwing nets (quivered)
Armour
 c - a cursed +1 hat (worn)
Magical devices
 h - a wand of digging (24)
 j - a wand of paralysis (4)
Comestibles
 f - 7 bread rations
Scrolls
 i - 2 scrolls of curse armour
 k - 2 scrolls of immolation
 m - 2 scrolls of fear
 r - 2 scrolls of curse weapon
 w - a scroll of curse jewellery
 x - 2 scrolls of remove curse
Jewellery
 v - a +4 ring of dexterity (left hand)
Potions
 e - a potion of lignification
 g - a potion of cure mutation {unknown}
 l - a potion of paralysis {unknown}
 o - 3 potions of curing
 q - 2 potions of haste
 s - a potion of restore abilities
 t - a potion of poison {unknown}
 u - a potion of magic
 z - 2 potions of heal wounds
 A - a potion of flight
Books
 p - a book of Cantrips

   Spells                             Type                      Level
   Confusing Touch                    Hexes                        1
   Animate Skeleton                   Necromancy                   1
   Summon Small Mammal                Summoning                    1
   Apportation                        Translocation                1


   Skills:
 + Level 6.4 Fighting
 * Level 8.9 Axes
 - Level 2.0 Throwing
 + Level 5.7 Dodging


You had 7 spell levels left.
You didn't know any spells.

Dungeon Overview and Level Annotations

Branches:
Dungeon (6/15)             Temple (1/1) D:4

Altars:
Ashenzari
Cheibriados
Dithmenos
Elyvilon
Fedhas
Kikubaaqudgha
Makhleb
Nemelex Xobeh
Okawaru
Sif Muna
Trog
Vehumet
Xom
Yredelemnul
Zin
The Shining One

Shops:
D:6 **[


Innate Abilities, Weirdness & Mutations

You can breathe blasts of scalding steam.
Your pale cyan-grey scales are hard (AC +6).
Your body does not fit into most forms of armour.
Your cold-blooded metabolism reacts poorly to cold.
You have large cloven feet.
You are dopey. (Int -2)
You occasionally shout uncontrollably.


Message History

a cursed club; an uncursed flail; an uncursed spear; a gnoll corpse The gnoll hits you with a whip!
* * * LOW HITPOINT WARNING * * *
The gnoll hits you from afar with a spear.
* * * LOW HITPOINT WARNING * * *
A gnoll shaman comes into view. It is wielding a club.
The gnoll barely misses you.
There is a large open door here.
You closely miss the gnoll. Your kick misses the gnoll.
The gnoll hits you from afar with a spear.
* * * LOW HITPOINT WARNING * * *
The gnoll closely misses you. The gnoll completely misses you.
You slash the gnoll! You kick the gnoll.
You kill the gnoll!
The gnoll shaman calls upon its god to speed up the gnoll.
The gnoll seems to speed up.
The gnoll hits you from afar with a spear!
* * * LOW HITPOINT WARNING * * *
The gnoll hits you with a flail!
You die...

#### '%.' #####''######
...............
...............
...g...........
....g.gg......... ##)@##
#######....# +..)))))...+
#######)...#
#############''''######
#.......................
#≈≈≈≈≈≈≈≈≈≈≈≈....≈≈≈≈≈≈≈
≈≈≈≈≈≈≈≈≈≈≈≈≈≈....≈≈≈≈≈≈≈
≈≈≈≈≈≈≈≈≈≈≈≈≈≈....≈≈≈≈≈≈≈≈


You could see a gnoll shaman and 3 gnolls.

Vanquished Creatures
  Eustachio (D:4)
  A sky beast (D:6)
  A phantom (D:5)
  An orc warrior (D:6)
  2 centaurs
  Sigmund (D:3)
  A big kobold (Sewer)
  A gnoll sergeant (D:6)
  5 wights (D:6)
  A quasit (D:4)
  A big fish (Sewer)
  4 orc wizards
  2 hounds (D:5)
  A giant frog skeleton (D:6)
  2 orc priests (D:4)
  Natasha (thrice) (D:5)
  A worker ant (D:3)
  Ijyb (D:2)
  An ogre zombie (D:6)
  12 adders
  18 gnolls (D:6)
  A green rat (Sewer)
  2 shadow imps
  2 giant mites (D:6)
  3 worms
  A giant eyeball (D:5)
  7 giant geckos
  An ooze (D:1)
  19 orcs
  5 bats
  A bat skeleton (D:5)
  5 goblins
  9 hobgoblins
  6 jackals
  14 kobolds
  2 quokkas
  7 ball pythons
  7 giant cockroaches
  7 giant newts
  A kobold skeleton (D:3)
  An orc zombie (D:6)
  13 rats
175 creatures vanquished.

Notes
Turn   | Place    | Note
--------------------------------------------------------------
     0 | D:1      | KristoblXynda, the Draconian Gladiator, began the quest for the Orb.
     0 | D:1      | Reached XP level 1. HP: 17/17 MP: 1/1
   209 | D:1      | Reached XP level 2. HP: 14/24 MP: 2/2
   722 | D:2      | Reached XP level 3. HP: 26/30 MP: 3/3
  1224 | D:2      | Reached skill level 4 in Axes
  1420 | D:2      | Noticed Ijyb
  1426 | D:2      | Reached XP level 4. HP: 32/37 MP: 4/4
  1448 | D:2      | Killed Ijyb
  2057 | D:3      | Reached XP level 5. HP: 30/44 MP: 5/5
  2064 | D:3      | Noticed Sigmund
  2078 | D:3      | Killed Sigmund
  2078 | D:3      | Reached skill level 5 in Axes
  2650 | D:3      | Reached XP level 6. HP: 41/51 MP: 6/6
  3289 | D:4      | Found a staircase to the Ecumenical Temple.
  3296 | Temple   | Entered the Ecumenical Temple
  3421 | Temple   | Became a worshipper of Ashenzari the Shackled
  3547 | D:4      | Noticed Eustachio
  3559 | D:4      | Killed Eustachio
  3559 | D:4      | Reached skill level 6 in Axes
  3559 | D:4      | Your scales start fading to a pale cyan-grey colour.
  3559 | D:4      | Reached XP level 7. HP: 14/60 MP: 7/7
  3903 | D:5      | Entered Level 5 of the Dungeon
  4116 | D:5      | Gained mutation: You have large cloven feet. [potion of mutation]
  4116 | D:5      | Gained mutation: You are dopey. (Int -2) [potion of mutation]
  4116 | D:5      | Gained mutation: You occasionally shout uncontrollably. [potion of mutation]
  4126 | D:5      | Noticed Natasha
  4134 | D:5      | Killed Natasha
  4152 | D:5      | Noticed Natasha
  4159 | D:5      | Killed Natasha
  4188 | D:5      | Noticed Natasha
  4196 | D:5      | Killed Natasha
  4305 | D:5      | Paralysed by a giant eyeball for 2 turns
  4536 | D:5      | Reached skill level 5 in Fighting
  4536 | D:5      | Reached skill level 7 in Axes
  4699 | D:6      | Found Qoamn's Assorted Antiques.
  4712 | D:6      | Bought an onyx ring for 160 gold pieces
  4746 | D:6      | Found a glowing drain.
  4756 | Sewer    | Entered a sewer
  4820 | Sewer    | Reached XP level 8. HP: 60/68 MP: 8/8
  4905 | Sewer    | Found a glowing silver altar of Zin.
  5153 | D:6      | Reached skill level 5 in Dodging
  5564 | D:6      | Reached skill level 8 in Axes
  5581 | D:6      | Found Qaiwaim's Armour Shoppe.
  5629 | D:6      | Found Cibe's Assorted Antiques.
  5933 | D:6      | Slain by a gnoll

Action                   |  1- 3 |  4- 6 |  7- 9 || total
-------------------------+-------+-------+-------++-------
Melee: War axe           |   114 |   188 |   133 ||   435
       Battleaxe         |       |       |    75 ||    75
 Abil: Breathe Steam     |       |       |    11 ||    11
Evoke: Wand              |       |     1 |     1 ||     2
  Use: Scroll            |       |     4 |    13 ||    17
       Potion            |       |     7 |     2 ||     9
 Stab: Sleeping          |     1 |     1 |     1 ||     3
